 Dungeon Sprint DCSS version 0.20-a0-820-g557356e (webtiles) character file.

8400000 esc the Conqueror (level 27, -25/249 HPs)
             Began as a Demonspawn Warper on Mar 4, 2017.
             Was the Champion of Makhleb.
             Annihilated by a meat berserker
             ... wielding a +9 battleaxe
              (66 damage)
             ... in the Dungeon (Sprint VIII: "Arena of Blood").
             The game lasted 00:02:41 (84 turns).

esc the Conqueror (Demonspawn Warper)                 Turns: 84, Time: 00:02:42

Health: -25/249    AC:  6    Str: 18    XL:     27
Magic:  54/54      EV: 48    Int: 14    God:    Makhleb [******]
Gold:   0          SH:  0    Dex: 30    Spells: 80/80 levels left

rFire    . . .     SeeInvis +   l - +∞ Axe of Woe
rCold    . . .     Gourm    .   b - +0 leather armour
rNeg     . . .     Faith    .   (shield currently unavailable)
rPois    .         Spirit   .   (helmet unavailable)
rElec    .         Reflect  .   (no cloak)
rCorr    .         Harm     .   (no gloves)
MR       ++...     NoTele   +   (no boots)
Stlth    ++++++++++             (no amulet)
Regen    10.6/turn              (no ring)
MPRegen  0.4/turn               (no ring)

@: mighty, agile, repel missiles
A: antennae 3, repulsion field 3, powered by death 3, powered by pain 3,
augmentation 3
a: Minor Destruction, Lesser Servant of Makhleb, Major Destruction, Greater
Servant of Makhleb, Renounce Religion


You were in the Dungeon.
You worshipped Makhleb.
Makhleb was exalted by your worship.
You were not hungry.

You visited 1 branch

Inventory:

Hand Weapons
 a - a +0 hand axe
 l - the +∞ Axe of Woe (weapon)
   (You found it in the Dungeon)
Missiles
 e - 5 tomahawks of dispersal {=f}
Armour
 b - a +0 leather armour (worn)
Jewellery
 m - an uncursed ring of see invisible {sInv, !d}
   (You found it in the Dungeon)
Scrolls
 d - 2 scrolls of blinking {!r}
Potions
 g - a potion of curing
 h - a potion of heal wounds
 i - a potion of haste
 j - 2 potions of magic
 k - a potion of berserk rage {!q}
Books
 c - a book of Spatial Translocations
Comestibles
 f - a bread ration {@e1}


   Skills:
 O Level 27 Fighting
 O Level 27 Axes
 O Level 27 Throwing
 O Level 27 Armour
 O Level 27 Dodging
 O Level 27 Stealth
 O Level 27 Unarmed Combat
 O Level 27 Spellcasting
   Level 2.6 Translocations
 O Level 27 Invocations


You had 80 spell levels left.
You didn't know any spells.

Dungeon Overview and Level Annotations

Branches:
Dungeon (1/1)

Altars:
Makhleb


Innate Abilities, Weirdness & Mutations

You have a pair of large antennae on your head. (SInv)
You are surrounded by a strong repulsion field. (EV +4, RMsl)
You regenerate a lot of health from kills.
You are powered by pain.
Your magical and physical power is greatly enhanced at high health.


Message History

The bag of meat completely misses you.
The meat berserker hits you with a +9 battleaxe!!!
The bag of meat shouts! x2 2 orcs, a hell beast and a wraith come into view.
You take 49 damage, and have 179/249 hp.
The bag of meat shouts! x3; The meat beast roars!
You slash the meat berserker!
You chop the meat berserker into pieces.
You kill the meat berserker!
Makhleb accepts your kill.
You feel better.
You slash the bag of meat!
You pulverise the bag of meat into a thin bloody mist.
You kill the bag of meat!
Makhleb accepts your kill.
You feel better.
You slash the bag of meat!
You slaughter the bag of meat joyfully.
You kill the bag of meat!
Makhleb accepts your kill.
You slash the meat berserker!
You fatally mangle the meat berserker.
You kill the meat berserker!
Makhleb accepts your kill.
You hear a shout! x4
The dread throws damnation at you.
The sphere of damnation explodes!
The damnation engulfs you!
You hear a shout! x2
The meat berserker rages.
You hear a shout!
Two crawling corpses merge to form a small abomination.
You hear a shout! x2
A crawling corpse suddenly disappears!
You hear a shout!
The meat berserker rages.
You regained 58 hp, and now have 237/249 hp. 2 orcs come into view.
The meat beast barks!
You hear a shout! x4
The meat berserker rages.
You hear a shout! x2
The bag of meat completely misses you.
You hear a shout!
An orc and an ogre come into view.
Things that are here:
a +9 battleaxe; a +30 ring of slaying; a meat berserker corpse You regained 10 hp, and now have 247/249 hp.
The bag of meat shouts! x4
You dice the meat berserker like an onion!!!
You slaughter the meat berserker joyfully.
You kill the meat berserker!
Makhleb accepts your kill.
You feel better.
You slash the meat berserker!
You hew the meat berserker savagely.
You kill the meat berserker!
Makhleb accepts your kill.
You open the tyrant like a pillowcase!!!
You chop the tyrant into pieces.
You destroy the tyrant!
Makhleb accepts your kill.
You slash the bag of meat! You chop the bag of meat into pieces.
You kill the bag of meat!
Makhleb accepts your kill.
You hear a shout!
The meat beast howls, "Capitulate, thou unmuzzled beef-witted bugbear!"
You hear a shout! x3
The dread calls on the powers of darkness!
The meat berserker convulses! x2; The bag of meat convulses! x4
Your body is wracked with pain!
The bag of meat convulses! x6; The meat berserker convulses!
The bag of meat convulses! x3
The corpses begin to drag themselves along the ground!
You hear a shout! 5 crawling corpses come into view.
You take 121 damage, and have 126/249 hp.
MASSIVE DAMAGE!!
Unknown command.
Unknown command. 2 orcs and a two-headed ogre come into view.
You hear a shout! x6
The meat berserker closely misses you.
The dread calls on the powers of darkness!
The bag of meat convulses!
The meat berserker convulses!
The bag of meat convulses! x2; The meat berserker convulses!
The bag of meat convulses!
Your body is wracked with pain!
* * * LOW HITPOINT WARNING * * *
The bag of meat convulses! x5; The meat berserker convulses!
The bag of meat convulses! x5
The bag of meat shouts!
The bag of meat convulses!
The eight-headed meat hydra convulses!
An eight-headed meat hydra comes into view.
The eight-headed meat hydra roars!
The large bag of meat convulses!
The large bag of meat shouts in stereo!
The bag of meat convulses!
The bag of meat shouts!
The meat beast bites you!
* * * LOW HITPOINT WARNING * * *
The meat beast tramples you!
* * * LOW HITPOINT WARNING * * *
You hold your ground!
The meat berserker hits you with a +9 battleaxe!!!
You die...

#. o.DO..# ..
.###.o...# ..
....ooo..# ..
....Oo...# ..
.....ooo=# ..
#....oooo# ..
...oW.O2# ..
.#..#.xO@# #.
..{...#..2)x# .
.......#x))x# ..
......#.o.)x#
...........xo....#
..#.{.#...W..##W.#
.#....#.....##xz.#
#{...o#o...)#....#
.. ..#....##{...%#


You could see 2 meat beasts, an eight-headed meat hydra, a sculptor of flesh, a
large bag of meat (inner flame), a wretched soul (invisible), 2 dreads, 3 meat
berserkers, a small abomination, 16 bags of meat and 6 crawling corpses.

Vanquished Creatures
  3 hell beasts (D)
  7 vampire knights (D)
  26 ogres (D)
  6 two-headed ogres (D)
  A lich (D)
  53 orcs (D)
  3 skeletal warriors (D)
  A large abomination (D)
  4 small abominations (D)
  6 crawling corpses (D)
110 creatures vanquished.

Vanquished Creatures (others)
  2 crawling corpses (D)
2 creatures vanquished.

Grand Total: 112 creatures vanquished

Notes
Turn   | Place    | Note
-------+----------+-------------------------------------------
     0 | D        | esc the Demonspawn Warper began the quest for the Orb.
     0 | D        | Reached XP level 1. HP: 16/16 MP: 3/3
     4 | D        | Became a worshipper of Makhleb the Destroyer
     6 | D        | Noticed a bag of meat
     7 | D        | Noticed a bag of meat
     8 | D        | Noticed a bag of meat
     8 | D        | Noticed a bag of meat
     8 | D        | Noticed a bag of meat
     8 | D        | Noticed a meat berserker
     8 | D        | Noticed a bag of meat
     8 | D        | Noticed a bag of meat
     8 | D        | Noticed a bag of meat
     9 | D        | Noticed a bag of meat
     9 | D        | Noticed a bag of meat
     9 | D        | Noticed a bag of meat
     9 | D        | Noticed a bag of meat
     9 | D        | Noticed a meat berserker
     9 | D        | Killed a bag of meat
     9 | D        | Reached skill level 14 in Fighting
     9 | D        | Reached skill level 13 in Axes
     9 | D        | Reached skill level 13 in Armour
     9 | D        | Reached skill level 13 in Dodging
     9 | D        | Gained mutation: You sometimes gain a little power by taking damage. [demonic ancestry]
     9 | D        | Reached XP level 2. HP: 43/43 MP: 5/5
     9 | D        | Gained mutation: You have a pair of small antennae on your head. [demonic ancestry]
     9 | D        | Reached XP level 3. HP: 49/49 MP: 6/6
     9 | D        | Gained mutation: You regenerate a little health from kills. [demonic ancestry]
     9 | D        | Reached XP level 4. HP: 56/56 MP: 7/7
     9 | D        | Reached XP level 5. HP: 62/62 MP: 8/8
     9 | D        | Gained mutation: You sometimes gain power by taking damage. [demonic ancestry]
     9 | D        | Reached XP level 6. HP: 69/69 MP: 9/9
     9 | D        | Reached XP level 7. HP: 75/75 MP: 10/10
     9 | D        | Reached XP level 8. HP: 82/82 MP: 11/11
     9 | D        | Gained mutation: You are surrounded by a mild repulsion field. (EV +2) [demonic ancestry]
     9 | D        | Reached XP level 9. HP: 88/88 MP: 12/12
     9 | D        | Reached XP level 10. HP: 95/95 MP: 13/13
     9 | D        | Gained mutation: You have a pair of antennae on your head. [demonic ancestry]
     9 | D        | Reached XP level 11. HP: 101/101 MP: 14/14
    10 | D        | Noticed a meat berserker
    10 | D        | Noticed a bag of meat
    10 | D        | Noticed a bag of meat
    10 | D        | Killed a meat berserker
    10 | D        | Reached * piety under Makhleb
    10 | D        | Reached skill level 18 in Fighting
    10 | D        | Reached skill level 16 in Axes
    10 | D        | Reached skill level 16 in Armour
    10 | D        | Reached skill level 16 in Dodging
    10 | D        | Reached XP level 12. HP: 49/116 MP: 15/15
    10 | D        | Gained mutation: You are surrounded by a moderate repulsion field. (EV +3) [demonic ancestry]
    10 | D        | Reached XP level 13. HP: 51/122 MP: 16/16
    11 | D        | Noticed a bag of meat
    11 | D        | Noticed a bag of meat
    11 | D        | Killed a bag of meat
    11 | D        | Reached skill level 19 in Fighting
    11 | D        | Reached skill level 18 in Axes
    11 | D        | Reached skill level 17 in Armour
    11 | D        | Reached skill level 18 in Dodging
    11 | D        | Reached XP level 14. HP: 56/133 MP: 17/17
    11 | D        | Killed a bag of meat
    11 | D        | Reached skill level 20 in Fighting
    11 | D        | Reached skill level 18 in Armour
    11 | D        | Noticed a bag of meat
    11 | D        | Noticed a bag of meat
    11 | D        | Noticed a large bag of meat
    12 | D        | Noticed a large bag of meat
    12 | D        | Killed a bag of meat
    12 | D        | Reached ** piety under Makhleb
    12 | D        | Reached skill level 21 in Fighting
    12 | D        | Reached skill level 19 in Axes
    12 | D        | Reached skill level 19 in Armour
    12 | D        | Reached skill level 19 in Dodging
    12 | D        | Reached XP level 15. HP: 144/144 MP: 18/18
    12 | D        | Reached skill level 22 in Fighting
    12 | D        | Reached skill level 20 in Axes
    12 | D        | Reached skill level 20 in Armour
    12 | D        | Reached skill level 20 in Dodging
    12 | D        | Killed a meat berserker
    12 | D        | Reached skill level 23 in Fighting
    12 | D        | Reached skill level 21 in Axes
    12 | D        | Reached skill level 21 in Armour
    12 | D        | Reached skill level 21 in Dodging
    12 | D        | Gained mutation: You regenerate health from kills. [demonic ancestry]
    12 | D        | Reached XP level 16. HP: 157/157 MP: 19/19
    12 | D        | Reached *** piety under Makhleb
    12 | D        | Reached skill level 24 in Fighting
    12 | D        | Reached skill level 22 in Axes
    12 | D        | Reached skill level 22 in Armour
    12 | D        | Reached skill level 22 in Dodging
    13 | D        | Noticed a meat berserker
    13 | D        | Noticed a meat berserker
    13 | D        | Reached skill level 23 in Axes
    13 | D        | Reached skill level 23 in Armour
    13 | D        | Reached skill level 23 in Dodging
    13 | D        | Reached skill level 25 in Fighting
    13 | D        | Gained mutation: You have a pair of large antennae on your head. (SInv) [demonic ancestry]
    13 | D        | Reached XP level 17. HP: 169/169 MP: 20/20
    14 | D        | Noticed a meat berserker
    14 | D        | Noticed a meat berserker
    14 | D        | Reached skill level 26 in Fighting
    14 | D        | Reached skill level 24 in Axes
    14 | D        | Reached skill level 24 in Armour
    14 | D        | Reached skill level 24 in Dodging
    14 | D        | Reached **** piety under Makhleb
    15 | D        | Reached skill level 27 in Fighting
    15 | D        | Reached skill level 25 in Axes
    15 | D        | Reached skill level 25 in Armour
    15 | D        | Reached skill level 25 in Dodging
    16 | D        | Reached skill level 26 in Axes
    16 | D        | Reached skill level 26 in Armour
    16 | D        | Reached skill level 26 in Dodging
    16 | D        | Reached XP level 18. HP: 182/182 MP: 21/21
    16 | D        | Killed a meat berserker
    16 | D        | Reached ***** piety under Makhleb
    16 | D        | Reached skill level 27 in Axes
    16 | D        | Reached skill level 27 in Armour
    16 | D        | Reached skill level 27 in Dodging
    16 | D        | Reached skill level 5 in Throwing
    16 | D        | Reached skill level 6 in Stealth
    16 | D        | Reached skill level 5 in Unarmed Combat
    16 | D        | Reached skill level 6 in Spellcasting
    16 | D        | Reached skill level 8 in Invocations
    16 | D        | Killed a meat berserker
    16 | D        | Reached skill level 10 in Throwing
    16 | D        | Reached skill level 11 in Stealth
    16 | D        | Reached skill level 10 in Unarmed Combat
    16 | D        | Reached skill level 10 in Spellcasting
    16 | D        | Reached skill level 14 in Invocations
    16 | D        | Reached XP level 19. HP: 189/189 MP: 21/33
    17 | D        | Noticed a meat berserker
    18 | D        | Killed a large bag of meat
    18 | D        | Reached skill level 13 in Throwing
    18 | D        | Reached skill level 14 in Stealth
    18 | D        | Reached skill level 13 in Unarmed Combat
    18 | D        | Reached skill level 13 in Spellcasting
    18 | D        | Reached skill level 17 in Invocations
    18 | D        | Killed a meat berserker
    18 | D        | Reached skill level 15 in Throwing
    18 | D        | Reached skill level 16 in Stealth
    18 | D        | Reached skill level 15 in Unarmed Combat
    18 | D        | Reached skill level 15 in Spellcasting
    18 | D        | Reached skill level 20 in Invocations
    18 | D        | Killed a meat berserker
    18 | D        | Reached skill level 17 in Throwing
    18 | D        | Reached skill level 18 in Stealth
    18 | D        | Reached skill level 17 in Unarmed Combat
    18 | D        | Reached skill level 17 in Spellcasting
    18 | D        | Reached skill level 22 in Invocations
    18 | D        | Reached XP level 20. HP: 197/197 MP: 21/41
    18 | D        | Reached skill level 19 in Stealth
    18 | D        | Reached skill level 23 in Invocations
    18 | D        | Reached skill level 18 in Throwing
    18 | D        | Reached skill level 18 in Unarmed Combat
    18 | D        | Reached skill level 18 in Spellcasting
    18 | D        | Reached skill level 24 in Invocations
    19 | D        | Noticed a meat berserker
    19 | D        | HP: 44/197 [large bag of meat/+9 giant spiked club (74)]
    19 | D        | Noticed a large bag of meat
    20 | D        | Killed a large bag of meat
    20 | D        | HP: 11/197 [large bag of meat/exploding inner flame (33)]
    20 | D        | Reached ****** piety under Makhleb
    20 | D        | Reached skill level 19 in Throwing
    20 | D        | Reached skill level 21 in Stealth
    20 | D        | Reached skill level 19 in Unarmed Combat
    20 | D        | Reached skill level 19 in Spellcasting
    20 | D        | Reached skill level 26 in Invocations
    20 | D        | Reached skill level 20 in Throwing
    20 | D        | Reached skill level 20 in Unarmed Combat
    20 | D        | Reached skill level 20 in Spellcasting
    20 | D        | Reached skill level 21 in Throwing
    20 | D        | Reached skill level 22 in Stealth
    20 | D        | Reached skill level 21 in Unarmed Combat
    20 | D        | Reached skill level 21 in Spellcasting
    20 | D        | Reached skill level 27 in Invocations
    20 | D        | Gained mutation: Your magical and physical power is slightly enhanced at high health. [demonic ancestry]
    20 | D        | Reached XP level 21. HP: 168/204 MP: 42/46
    20 | D        | Reached skill level 22 in Throwing
    20 | D        | Reached skill level 23 in Stealth
    20 | D        | Reached skill level 22 in Unarmed Combat
    20 | D        | Reached skill level 22 in Spellcasting
    21 | D        | Reached skill level 23 in Throwing
    21 | D        | Reached skill level 24 in Stealth
    21 | D        | Reached skill level 23 in Unarmed Combat
    21 | D        | Reached skill level 23 in Spellcasting
    21 | D        | Reached skill level 25 in Stealth
    21 | D        | Reached skill level 24 in Throwing
    21 | D        | Reached skill level 24 in Unarmed Combat
    21 | D        | Reached skill level 24 in Spellcasting
    21 | D        | Reached skill level 26 in Stealth
    23 | D        | Reached skill level 25 in Throwing
    23 | D        | Reached skill level 25 in Unarmed Combat
    23 | D        | Reached skill level 25 in Spellcasting
    23 | D        | Gained mutation: Your magical and physical power is enhanced at high health. [demonic ancestry]
    23 | D        | Reached XP level 22. HP: 156/212 MP: 43/51
    23 | D        | Reached skill level 26 in Throwing
    23 | D        | Reached skill level 27 in Stealth
    23 | D        | Reached skill level 26 in Unarmed Combat
    23 | D        | Reached skill level 26 in Spellcasting
    24 | D        | Noticed a destroyer
    31 | D        | Noticed a destroyer
    32 | D        | Reached skill level 27 in Throwing
    32 | D        | Reached skill level 27 in Unarmed Combat
    32 | D        | Reached skill level 27 in Spellcasting
    32 | D        | Killed a destroyer
    32 | D        | Gained mutation: Your magical and physical power is greatly enhanced at high health. [demonic ancestry]
    32 | D        | Reached XP level 23. HP: 219/219 MP: 46/54
    39 | D        | Killed a large bag of meat
    42 | D        | Gained mutation: You are powered by pain. [demonic ancestry]
    42 | D        | Reached XP level 24. HP: 227/227 MP: 54/54
    43 | D        | Killed a destroyer
    46 | D        | Gained mutation: You regenerate a lot of health from kills. [demonic ancestry]
    46 | D        | Reached XP level 25. HP: 234/234 MP: 54/54
    47 | D        | Noticed a destroyer
    47 | D        | Noticed a large bag of meat
    47 | D        | Noticed a large bag of meat
    47 | D        | Noticed a destroyer
    49 | D        | Noticed a large bag of meat
    51 | D        | Killed a destroyer
    51 | D        | Gained mutation: You are surrounded by a strong repulsion field. (EV +4, RMsl) [demonic ancestry]
    51 | D        | Reached XP level 26. HP: 242/242 MP: 54/54
    53 | D        | Killed a destroyer
    55 | D        | Killed a large bag of meat
    55 | D        | HP: 38/242 [large bag of meat/exploding inner flame (25)]
    55 | D        | Reached XP level 27. HP: 245/249 MP: 54/54
    55 | D        | Killed a large bag of meat
    56 | D        | Noticed a destroyer
    62 | D        | Noticed a destroyer
    63 | D        | Noticed a meat beast
    63 | D        | Killed a large bag of meat
    65 | D        | Noticed a destroyer
    65 | D        | Noticed a meat beast
    66 | D        | Killed a destroyer
    66 | D        | Killed a destroyer
    69 | D        | Killed a destroyer
    69 | D        | Killed a meat beast
    70 | D        | Noticed a meat beast
    73 | D        | Killed a meat beast
    76 | D        | Killed a meat beast
    79 | D        | Noticed a tyrant
    79 | D        | Noticed a dread
    80 | D        | Noticed a meat beast
    81 | D        | Noticed a dread
    81 | D        | Noticed a meat beast
    83 | D        | Killed a tyrant
    84 | D        | Noticed a large bag of meat
    84 | D        | HP: 54/249 [meat beast (15)]
    84 | D        | Annihilated by a meat berserker

Vault maps used:
D:        meatsprint

Skill      XL: |  1  2  3  4  5  6  7  8  9 10 11 12 13 14 15 16 17 18 19 20 21 22 |
---------------+-------------------------------------------------------------------+-----
Fighting       | 14 18 19 21 23 25 27 | 27.0
Axes           | 13 16 18 19 21 23 26 27 | 27.0
Armour         | 13 16 17 19 21 23 26 27 | 27.0
Dodging        | 13 16 18 19 21 23 26 27 | 27.0
Throwing       | 10 17 21 25 27 | 27.0
Stealth        | 11 18 22 26 27 | 27.0
Unarmed Combat | 10 17 21 25 27 | 27.0
Spellcasting   | 10 17 21 25 27 | 27.0
Invocations    | 14 22 27 | 27.0
Translocations | |  2.6

Action                   |  1- 3 |  4- 6 |  7- 9 | 10-12 | 13-15 | 16-18 | 19-21 | 22-24 | 25-27 || total
-------------------------+-------+-------+-------+-------+-------+-------+-------+-------+-------++-------
Melee: Executioner's axe |     1 |       |       |     1 |     2 |     4 |     4 |     5 |    17 ||    34
Armor: Leather armour    |       |       |       |       |       |       |       |       |     1 ||     1
Dodge: Dodged            |       |       |       |       |       |       |       |     2 |    10 ||    12

Vault maps used:
D:        meatsprint

Table legend:
 A = Turns spent in this place as a percentage of turns spent in the entire game.
 B = Non-inter-level travel turns spent in this place as a percentage of non-inter-level travel turns spent in the entire game.
 C = Inter-level travel turns spent in this place as a percentage of turns spent in this place.
 D = Turns resting spent in this place as a percentage of non-inter-level travel turns spent in this place.
 E = Turns spent auto-exploring this place as a percentage of non-inter-level travel turns spent in this place.
 F = Non-inter-level travel turns spent in this place divided by the number of levels of this place that you've seen.
                   A       B       C       D       E      F
               +-------+-------+-------+-------+-------+----------------------
         Total | 100.0 | 100.0 |   0.0 |   0.0 |   0.0 | 165.0
       Dungeon | 100.0 | 100.0 |   0.0 |   0.0 |   0.0 | 165.0
               +-------+-------+-------+-------+-------+----------------------

Table legend:
 A = Kills in this place as a percentage of kills in entire the game.
 B = Kills by you in this place as a percentage of kills by you in the entire game.
 C = Kills by friends in this place as a percentage of kills by friends in the entire game.
 D = Other kills in this place as a percentage of other kills in the entire game.
 E = Experience gained in this place as a percentage of experience gained in the entire game.
 F = Experience gained in this place divided by the number of levels of this place that you have seen.
                   A       B       C       D       E      F
               +-------+-------+-------+-------+-------+----------------------
         Total | 100.0 | 100.0 |  -nan |  -nan | 100.0 | 3058610.0
       Dungeon | 100.0 | 100.0 |  -nan |  -nan | 100.0 | 3058610.0
               +-------+-------+-------+-------+-------+----------------------
